 Dungeon Crawl Stone Soup version 0.17-a0-1562-g9b2c768 (webtiles) character file.

407 Lathuz the Cudgeler (level 6, -1/37 HPs)
             Began as a Gargoyle Fighter on July 20, 2015.
             Slain by a centaur (4 damage)
             ... on level 4 of the Dungeon.
             The game lasted 00:09:51 (3885 turns).

Lathuz the Cudgeler (Gargoyle Fighter)              Turns: 3885, Time: 00:09:51

Health: -1/37      AC: 15    Str: 19    XL:     6   Next: 88%
Magic:  6/6        EV:  3    Int:  9    God:
Gold:   174        SH:  9    Dex: 11    Spells: 0 memorised, 5 levels left

rFire  . . .     SeeInvis .     a - +0 flail
rCold  . . .     Clarity  .     n - +0 plate armour
rNeg   + . .     SustAt   .     c - +0 shield
rPois  ∞         Gourm    +     (no helmet)
rElec  +         Spirit   .     (no cloak)
rCorr  .         Warding  .     (no gloves)
rMut   .         Stasis   .     (no boots)
MR     .....                    D - amulet of the gourmand
Stlth  ..........               (no ring)
                                (no ring)

@: not resistant to hostile enchantments, extremely unstealthy
A: negative energy resistance 1, electricity resistance, unbreathing,
petrification resistance, rot immunity, AC +4
a: no special abilities


You were on level 4 of the Dungeon.
You were not hungry.

You visited 1 branch of the dungeon, and saw 5 of its levels.

You collected 174 gold pieces.

Inventory:

Hand weapons
 a - a +0 flail (weapon)
Missiles
 l - 185 stones (quivered)
Armour
 c - a +0 shield (worn)
 n - a +0 plate armour (worn)
Jewellery
 B - an uncursed amulet of regeneration
 D - an amulet of the gourmand (around neck)
Scrolls
 h - a scroll of remove curse {unknown}
 i - a scroll of fog {unknown}
 j - a scroll of immolation {unknown}
 m - 3 scrolls of enchant weapon {unknown}
 o - 5 scrolls of identify {unknown}
 r - 2 scrolls of amnesia {unknown}
 t - a scroll of noise {unknown}
 x - a scroll of recharging {unknown}
 y - a scroll of teleportation {unknown}
Potions
 b - 3 potions of flight {unknown}
 d - 2 potions of might
 f - a potion of invisibility {unknown}
 g - a potion of degeneration {unknown}
 k - a potion of curing {unknown}
 p - a potion of magic {unknown}
 v - a potion of cure mutation {unknown}
 w - a potion of berserk rage {unknown}
 z - a potion of brilliance {unknown}
 A - 3 potions of heal wounds {unknown}
 C - a potion of lignification {unknown}
Comestibles
 e - 2 bread rations
 q - 2 royal jellies
 s - 4 meat rations
 u - 2 beef jerkies


   Skills:
 - Level 3.2 Fighting
 + Level 7.1 Maces & Flails
 - Level 3.2 Armour
 - Level 3.2 Shields


You had 5 spell levels left.
You didn't know any spells.

Dungeon Overview and Level Annotations

Branches:
Dungeon (5/15)
 Temple: D:4-7

Altars:
Fedhas

Shops:
D:4 :


Innate Abilities, Weirdness & Mutations

You are resistant to torment.
Your stone body is resilient (AC +4).
You are immune to poison.
You resist negative energy.
You are resistant to electric shocks.
You can survive without breathing.
You are immune to petrification.
You are immune to rotting.


Message History

Press: ? - help, Shift-Dir - straight line, f - you
Okay, then.
Unknown command.
Unknown command.
You see here 21 arrows.
The centaur is too close now for your liking.
You are too injured to fight recklessly!
You are too injured to fight recklessly!
You are too injured to fight recklessly!
You are too injured to fight recklessly!
Unknown command.
You are too injured to fight recklessly!
Unknown command.
You are too injured to fight recklessly!
Unknown command.
You are too injured to fight recklessly!
Unknown command.
You are too injured to fight recklessly!
The centaur hits you.
You die...

# ###### ###
##....## ###..
##......# ####....
#..PP...###.(..###
#.PPPP((....####
#.PP_PP.##### #
##.P.P.P## ###
#(@PPP(P ##..
#..c.(..# ###...
######### ###.....
#.....#####.......
#......##.........
#..............##.
#......)....#####.
#.........### ##
#........##


You could see a centaur.

Vanquished Creatures
  An ogre (D:3)
  A scorpion (D:4)
  An iguana (D:4)
  A hound (D:4)
  2 worker ants (D:4)
  5 adders
  An ooze (D:2)
  3 worms (D:2)
  5 giant geckos
  7 orcs
  2 ball pythons
  14 bats
  6 giant cockroaches
  12 hobgoblins
  4 jackals (D:3)
  A quokka (D:2)
  3 giant newts
  18 goblins
  11 kobolds
  14 rats
112 creatures vanquished.

Notes
Turn   | Place    | Note
--------------------------------------------------------------
     0 | D:1      | Lathuz the Gargoyle Fighter began the quest for the Orb.
     0 | D:1      | Reached XP level 1. HP: 14/14 MP: 1/1
     2 | D:1      | Noticed a vampire
     2 | D:1      | Noticed a formicid
     4 | D:1      | Noticed a naga
     4 | D:1      | Noticed a dwarf
     6 | D:1      | Noticed an elf
     6 | D:1      | Noticed a demonspawn
     8 | D:1      | Noticed a spriggan
    10 | D:1      | Noticed an octopode
    12 | D:1      | Noticed a demigod
    14 | D:1      | Noticed a centaur
    14 | D:1      | Noticed a tengu
    16 | D:1      | Noticed a felid
    16 | D:1      | Noticed a ghoul
    18 | D:1      | Noticed a human
    20 | D:1      | Noticed a gargoyle
    20 | D:1      | Noticed a troll
    22 | D:1      | Noticed a draconian
    24 | D:1      | Noticed a vine stalker
    24 | D:1      | Noticed a minotaur
    26 | D:1      | Noticed a merfolk
    26 | D:1      | Noticed an ogre
   188 | D:1      | Reached XP level 2. HP: 19/19 MP: 2/2
   673 | D:1      | Reached XP level 3. HP: 23/23 MP: 3/3
  1301 | D:2      | Reached skill level 4 in Maces & Flails
  1302 | D:2      | Reached XP level 4. HP: 23/28 MP: 4/4
  2206 | D:3      | Reached skill level 5 in Maces & Flails
  2258 | D:3      | Reached XP level 5. HP: 32/32 MP: 5/5
  2478 | D:3      | Noticed an ogre
  2535 | D:3      | Killed an ogre
  2843 | D:3      | Reached skill level 6 in Maces & Flails
  2879 | D:3      | You fall through a shaft for 2 floors!
  2879 | D:5      | Entered Level 5 of the Dungeon
  2989 | D:4      | Reached XP level 6. HP: 27/37 MP: 6/6
  3167 | D:4      | Found Bingiups's Book Shoppe.
  3334 | D:4      | Reached skill level 7 in Maces & Flails
  3848 | D:4      | Found a blossoming altar of Fedhas.
  3851 | D:4      | Noticed a centaur
  3872 | D:4      | HP: 1/37 [centaur/arrow (1)]
  3885 | D:4      | Slain by a centaur

Vault maps used:
D:1:      kb_arrival_jail, fountainhead, minivault_26
D:3:      serial_park_tiny_pond, minmay_ogre_servants
D:4:      serial_shops, nicolae_shop_crystal, fedhas_bush_and_centaur_altar
D:5:      first_bread

Action                   |  1- 3 |  4- 6 || total
-------------------------+-------+-------++-------
Melee: Flail             |   156 |   373 ||   529
Throw: Stone             |     5 |    83 ||    88
  Eat: Chunk             |     1 |    12 ||    13
